 Dungeon Crawl Stone Soup version 0.29-a0-410-g9596d59a08 (webtiles) character file.

Game seed: 14871842521035991392

697 Bruhh the Magician (level 7, -3/50 HPs)
             Began as a Djinni Cinder Acolyte on May 14, 2022.
             Was a High Priest of Ignis.
             Slain by an ice beast (7 damage)
             ... on level 5 of the Dungeon.
             The game lasted 00:08:18 (6501 turns).

Bruhh the Magician (Djinni Cinder Acolyte)          Turns: 6501, Time: 00:08:18

Health: -3/50      AC:  2    Str: 13    XL:     7   Next: 97%
Gold:   355        EV: 11    Int: 18    God:    Ignis [*****.] SH:  0 Dex:  8

rFire   + + +      SeeInvis .   a - -1 mace (flame)
rCold   x . .      Faith    .   (no shield)
rNeg    . . .      Spirit   .   b - +0 robe
rPois   ∞          Reflect  .   (no helmet)
rElec   .          Harm     .   (no cloak)
rCorr   .          Rampage  .   (no gloves)
Will    .....                   (boots unavailable)
Stlth   +.........              (no amulet)
HPRegen 0.16/turn               (no ring)
MPRegen 0.00/turn               (no ring)

@: flying
A: sickness immunity, fire resistance 2, cold vulnerability 1, float, innate
caster, HP casting, extra vitality 1
a: Renounce Religion, Fiery Armour, Foxfire Swarm, Rising Flame


You were on level 5 of the Dungeon.
You worshipped Ignis.
Ignis was extremely pleased with you.
You visited 1 branch of the dungeon, and saw 5 of its levels.

You collected 355 gold pieces.

Inventory:

Hand Weapons
 a - a -1 mace of flaming (weapon)
Missiles
 h - 10 poisoned darts
 B - 6 curare-tipped darts
Armour
 b - a +0 robe (worn)
Magical Staves
 j - a staff of conjuration
Jewellery
 e - a ring of ice
Wands
 u - a wand of flame (38)
 y - a wand of iceblast (11)
Scrolls
 g - 6 scrolls of identify {unknown}
 k - a scroll of immolation {unknown}
 n - 3 scrolls of fog {unknown}
 o - a scroll of blinking {unknown}
 p - a scroll of enchant armour {unknown}
 q - 2 scrolls of vulnerability {unknown}
 r - 2 scrolls of magic mapping {unknown}
 t - 2 scrolls of fear {unknown}
Potions
 c - 2 potions of degeneration {unknown}
 d - a potion of attraction {unknown}
 f - 3 potions of heal wounds {unknown}
 i - a potion of ambrosia {unknown}
 l - a potion of flight {unknown}
 m - a potion of invisibility
 s - a potion of haste {unknown}
 v - 2 potions of curing {unknown}
 w - a potion of lignification {unknown}
 x - a potion of brilliance {unknown}
 z - a potion of might {unknown}
 A - 2 potions of berserk rage {unknown}


   Skills:
 - Level 3.0 Fighting
 - Level 2.4 Maces & Flails
 + Level 6.7 Spellcasting


You had 12 spell levels left.
You knew the following spells:

 Your Spells              Type           Power      Damage    Failure   Level
a - Scorch                Fire           60%        2d8       1%          2
b - Slow                  Hex            100%       N/A       1%          1
c - Static Discharge      Conj/Air       30%        N/A       1%          2
d - Call Imp              Summ           30%        N/A       1%          2
Your spell library was empty.

Dungeon Overview and Level Annotations

Branches:
Dungeon (5/15)
 Temple: D:4-7

Altars:
Hepliaklqana
Qazlal
Trog
Uskayaw
Vehumet


Innate Abilities, Weirdness & Mutations

You are immune to sickness and miasma.
You are immune to poison.
Your flesh is very heat resistant. (rF++)
You are vulnerable to cold. (rC-)
You float through the air rather than walking.
You learn spells naturally, not from books.
Your magical power is your life essence.
You have superior vitality. (+4 MHP)


Message History

The howler monkey moves out of view.
An ice beast comes into view.
There are monsters nearby!
There are monsters nearby!
Flames lash the ice beast.
The ice beast melts!
The ice beast is heavily wounded.
The ice beast's fire resistance burns away.
You hear an angry hiss.
The howler monkey hits you.
Flames lash the ice beast.
The ice beast is heavily wounded.
You hear an angry hiss.
An adder comes into view.
The ice beast hits you. The ice beast freezes you!
You feel a terrible chill!
The howler monkey hoots and howls with incredible vigour!
Flames lash the ice beast.
The ice beast melts!
The ice beast is heavily wounded.
The howler monkey hits you. The ice beast closely misses you.
Flames lash the howler monkey.
The howler monkey is lightly wounded.
The howler monkey's fire resistance burns away.
The howler monkey barely misses you. The ice beast barely misses you.
You are too injured to fight recklessly!
You are too injured to fight recklessly!
Casting: Scorch (safe; 1% risk of failure)
Confirm with . or Enter, or press ? or * to list all spells.
Flames lash the ice beast.
The ice beast is heavily wounded.
The howler monkey hoots and howls with incredible vigour!
The ice beast hits you. The ice beast freezes you!
You feel a terrible chill!
* * * LOW HITPOINT WARNING * * *
Casting: Scorch (safe; 1% risk of failure)
Confirm with . or Enter, or press ? or * to list all spells.
Flames lash the howler monkey.
The howler monkey is burned terribly!
The howler monkey is severely wounded.
* * * LOW HITPOINT WARNING * * *
The howler monkey barely misses you. The ice beast hits you.
* * * LOW HITPOINT WARNING * * *
The ice beast freezes you!
You feel a terrible chill!
You die...

#.##.##.#
##.###.#)#
#.......#
#.....).#
####+####
#####.###
#.# ######
#.#
......##.#
..###...#.#
..........#
.###.h@#.#
#..SY..#
#.#.#### #
#. .. .## .
#


You could see an ice beast (combustible), a howler monkey (combustible) and an
adder.

Vanquished Creatures
  Duvessa (D:5)
  A black bear (D:5)
  A phantom (D:5)
  Blork the orc (D:5)
  A scorpion (D:5)
  Dowan (D:5)
  Jessica (D:3)
  Ijyb (D:3)
  2 iguanas (D:5)
  5 adders
  4 gnolls
  A white imp (D:5)
  A worm (D:3)
  A dart slug (D:1)
  11 orcs
  5 endoplasms
  4 giant cockroaches
  3 hobgoblins
  A quokka (D:1)
  3 ball pythons
  4 bats
  2 frilled lizards (D:1)
  2 goblins
  8 kobolds
  4 rats
  A spectral goblin (D:1)
70 creatures vanquished.

Vanquished Creatures (others)
  A plant (D:2)
1 creature vanquished.

Grand Total: 71 creatures vanquished

Notes
Turn   | Place    | Note
-------+----------+-------------------------------------------
     0 | D:1      | Bruhh the Djinni Cinder Acolyte began the quest for the
                  | Orb.
     0 | D:1      | Reached XP level 1. HP: 20/20 MP: 0/0
    30 | D:1      | Reached XP level 2. HP: 18/25 MP: 0/0
   182 | D:1      | Reached skill level 3 in Spellcasting
   490 | D:1      | Reached XP level 3. HP: 25/30 MP: 0/0
   490 | D:1      | Learned a level 1 spell: Slow
   603 | D:1      | Found a faded altar of an unknown god.
  2384 | D:2      | Reached XP level 4. HP: 15/35 MP: 0/0
  2801 | D:3      | Reached skill level 4 in Spellcasting
  2863 | D:3      | Noticed Ijyb
  3089 | D:3      | Noticed Jessica
  3095 | D:3      | Killed Jessica
  3096 | D:3      | Reached XP level 5. HP: 36/40 MP: 0/0
  3096 | D:3      | Learned a level 2 spell: Static Discharge
  3579 | D:3      | Killed Ijyb
  3826 | D:3      | Found a hazy altar of Hepliaklqana.
  3826 | D:3      | Found a stormy altar of Qazlal.
  4115 | D:3      | Found a bloodstained altar of Trog.
  4115 | D:3      | Found a hide-covered altar of Uskayaw.
  5018 | D:5      | Entered Level 5 of the Dungeon
  5044 | D:5      | Noticed Duvessa
  5044 | D:5      | Noticed Dowan
  5083 | D:5      | Reached XP level 6. HP: 34/46 MP: 0/0
  5223 | D:5      | Reached skill level 5 in Spellcasting
  5679 | D:5      | Noticed Blork the orc
  5684 | D:5      | Killed Blork the orc
  5685 | D:5      | Reached XP level 7. HP: 27/50 MP: 0/0
  5685 | D:5      | Learned a level 2 spell: Call Imp
  5899 | D:5      | Reached skill level 6 in Spellcasting
  6226 | D:5      | Killed Duvessa
  6228 | D:5      | Killed Dowan
  6501 | D:5      | Slain by an ice beast

Illustrated notes

Levels and vault maps discovered:
D:1:      dpeg_arrival_oval, layout_loops_ring,
          dreamdust_ecumenical_altar_drowned_temple, minmay_pentomino_u4
D:2:      layout_rooms, serial_forest, infiniplex_forest_clump_medium,
          infiniplex_forest_clump_curved, infiniplex_forest_clump_long,
          infiniplex_forest_clump_small, infiniplex_forest_end_3,
          infiniplex_forest_zigzag_1, infiniplex_forest_fountain
D:3:      layout_basic, gammafunk_temple_overflow_claw,
          gammafunk_temple_overflow_elements, chequers_serial_rivers_small_3,
          uniq_jessica, uniq_ijyb
D:4:      layout_rooms
D:5:      layout_loops_corners, uniq_duvessa, uniq_blork_the_orc

Skill      XL: |  1  2  3  4  5  6  7 |
---------------+----------------------+-----
Spellcasting   | 3 4 5 6 |  6.7
Fighting       | |  3.0
Maces & Flails | |  2.4

Action                   |  1- 3 |  4- 6 |  7- 9 || total
-------------------------+-------+-------+-------++-------
Melee: Mace              |    13 |     7 |       ||    20
 Cast: Scorch            |    33 |    64 |    24 ||   121
       Slow              |       |       |     1 ||     1
       Call Imp          |       |       |     1 ||     1
Invok: Fiery Armour      |     1 |     1 |     1 ||     3
Armor: Robe              |     3 |     6 |       ||     9
Dodge: Dodged            |     5 |    19 |     7 ||    31

Table legend: (Time is in decaauts)
 A = Elapsed time spent in this place.
 B = Non-inter-level travel time spent in this place.
 C = Inter-level travel time spent in this place.
 D = Time resting spent in this place.
 E = Time spent auto-exploring this place.
 F = Levels seen in this place.
 G = Mean time per level.
                   A        B        C        D        E       F      G
               +--------+--------+--------+--------+--------+-----+--------+
         Total |   6508 |   6309 |    199 |    438 |   5360 |   5 | 1301.6 |
       Dungeon |   6508 |   6309 |    199 |    438 |   5360 |   5 | 1301.6 |
               +--------+--------+--------+--------+--------+-----+--------+

Top non-repeatable levels by time:
     D:1: 1891 daAuts
     D:3: 1614 daAuts
     D:5: 1464 daAuts
     D:2: 928 daAuts
     D:4: 610 daAuts
